 Dungeon Crawl Stone Soup version 0.19.4-8-ga85b6b9 (webtiles) character file.

11635 Gargoyl the Protected (level 11, -20/93 HPs)
             Began as a Ghoul Abyssal Knight on Feb 9, 2017.
             Was the Champion of Lugonu.
             Killed from afar by a rime drake (29 damage)
             ... with a flash freeze
             ... on level 2 of the Lair of Beasts.
             The game lasted 00:27:47 (9939 turns).

Gargoyl the Protected (Ghoul Abyssal Knight)        Turns: 9939, Time: 00:27:47

Health: -20/93     AC: 21    Str: 18    XL:     11   Next: 80%
Magic:  15/16      EV:  2    Int:  7    God:    Lugonu [******]
Gold:   550        SH: 14    Dex: 10    Spells: 0 memorised, 10 levels left

rFire  . . .     SeeInvis .     a - +3 hand axe (venom)
rCold  + . .     Gourm    .     B - +0 plate armour
rNeg   + + +     Faith    .     L - +0 large shield
rPois  ∞         Spirit   .     J - +1 helmet
rElec  .         Reflect  .     K - +0 cloak
rCorr  .         Harm     .     (no gloves)
MR     .....                    f - +2 pair of boots {Stlth+}
Stlth  ..........               (no amulet)
                                (no ring)
                                (no ring)

@: about to teleport, rotting
A: rotting body, claws 1, carnivore 3, cold resistance 1, negative energy
resistance 3, slow regeneration 1, torment resistance, unbreathing
a: Depart the Abyss, Bend Space, Banish, Corrupt, Enter the Abyss, Brand Weapon
With Distortion, Renounce Religion


You were on level 2 of the Lair of Beasts.
You worshipped Lugonu.
Lugonu was exalted by your worship.
You were not hungry.

You visited 2 branches of the dungeon, and saw 12 of its levels.
You visited the Abyss 1 time.
You also visited: Sewer and Ossuary.

You collected 550 gold pieces.

Inventory:

Hand Weapons
 a - a +3 hand axe of venom (weapon)
 j - a +0 whip of electrocution
 u - a +0 war axe
 H - a +0 war axe
Missiles
 I - 6 tomahawks (quivered)
Armour
 f - a +2 pair of boots of stealth (worn)
 B - a +0 plate armour (worn)
 J - a +1 helmet (worn)
 K - a +0 cloak (worn)
 L - a +0 large shield (worn)
Jewellery
 M - a cursed ring of teleportation {unknown}
Wands
 o - a wand of digging (8/24)
 w - a wand of iceblast (0/15)
 x - a wand of teleportation (2/9)
 D - a wand of random effects (36/48)
 F - a wand of iceblast (2/15)
Scrolls
 e - a scroll of amnesia
 g - 3 scrolls of identify
 i - 3 scrolls of recharging
 m - 2 scrolls of fog
 s - 11 scrolls of remove curse
Potions
 b - 2 potions of agility
 d - 2 potions of brilliance
 h - 5 potions of might
 k - a potion of heal wounds
 l - 3 potions of flight
 p - 3 potions of curing
 A - 2 potions of ambrosia
Books
 n - a book of Changes

   Spells                             Type                      Level
   a - Beastly Appendage              Transmutation                1
   b - Sticks to Snakes               Transmutation                2
   c - Spider Form                    Transmutation/Poison         3
   d - Ice Form                       Ice/Transmutation            4
   e - Blade Hands                    Transmutation                5
 q - a book of Callings

   Spells                             Type                      Level
   a - Summon Small Mammal            Summoning                    1
   b - Call Imp                       Summoning                    2
   c - Call Canine Familiar           Summoning                    3
   d - Summon Guardian Golem          Hexes/Summoning              3
   e - Summon Lightning Spire         Summoning/Air                4
   f - Summon Ice Beast               Ice/Summoning                4
 y - a book of Minor Magic

   Spells                             Type                      Level
   a - Magic Dart                     Conjuration                  1
   b - Blink                          Translocation                2
   c - Call Imp                       Summoning                    2
   d - Repel Missiles                 Charms/Air                   2
   e - Slow                           Hexes                        2
   f - Conjure Flame                  Conjuration/Fire             3
   g - Mephitic Cloud                 Conjuration/Poison/Air       3
 C - a book of Cantrips

   Spells                             Type                      Level
   a - Confusing Touch                Hexes                        1
   b - Animate Skeleton               Necromancy                   1
   c - Summon Small Mammal            Summoning                    1
   d - Apportation                    Translocation                1
Comestibles
 c - 4 meat rations
 t - a royal jelly
 z - 8 beef jerkies


   Skills:
 + Level 7.6 Fighting
 + Level 9.5(9.6) Axes
 + Level 1.4(6.2) Maces & Flails
 * Level 9.6 Armour
 + Level 2.0 Dodging
 + Level 4.6 Shields
 * Level 8.5 Invocations
 + Level 0.3 Evocations


You had 10 spell levels left.
You didn't know any spells.

Dungeon Overview and Level Annotations

Branches:
Dungeon (10/15)            Temple (0/1) D:7            Lair (2/6) D:10
  Swamp: Lair:2-4    Shoals: Lair:2-4     Snake: Lair:2-4    Spider: Lair:2-4
    Orc: D:9-12

Altars:


Innate Abilities, Weirdness & Mutations

Your body is rotting away.
You thrive on raw meat.
You are immune to poison.
You have sharp fingernails.
You are carnivorous and can eat meat at any time.
Your flesh is cold resistant. (rC+)
You are immune to negative energy. (rN+++)
You regenerate slowly when monsters are visible.
You are immune to unholy pain and torment.
You can survive without breathing.


Message History

You climb downwards.
A spiny frog and a rime drake come into view.
The spiny frog gives a loud, deep croak!
The rime drake hisses angrily.
Found a scroll of blinking.
There is a stone staircase leading up here.
The spiny frog stings you.
* * * LOW HITPOINT WARNING * * *
You block the yak's attack.
Okay, then.
Zapping:
x - a wand of teleportation (3/9)
Press: ? - help, Shift-Dir - straight line, f - you You feel strangely unstable.
This wand has 2 charges left.
You block the spiny frog's attack. The yak gores you.
* * * LOW HITPOINT WARNING * * *
Space bends around you!
You blink.
* * * LOW HITPOINT WARNING * * *
The rime drake breathes ice at you. The flash freeze hits you!
You partially resist.
You die...

### ##
.#P####.###.###.
..........?.....
.......@...k....
...#####........
#F.......
##Y.....#.
#§Y..+....
##...# ...
#........
....#.P..
.........


You could see 2 yaks, a spiny frog and a rime drake.

Vanquished Creatures
  Erica (D:8)
  Pikel (D:9)
  Joseph (D:7)
  3 komodo dragons (Lair:1)
  A troll (D:9)
  Prince Ribbit (D:5)
  3 blink frogs
  2 slime creatures (D:9)
  A hippogriff (Lair:1)
  12 yaks
  Menkaure (D:6)
  Eustachio (D:6)
  2 water moccasins
  5 sky beasts
  A porcupine (Lair:1)
  An ice beast (D:6)
  6 orc warriors
  A slave (D:9)
  A black bear (D:8)
  An eye of draining (D:9)
  A necrophage (D:8)
  A phantom (D:5)
  5 centaurs
  8 ogres
  An elf zombie (Ossuary)
  A big kobold (D:8)
  A gnoll sergeant (D:6)
  4 bullfrogs
  2 water moccasin zombies
  4 scorpions
  3 killer bees (D:5)
  4 wights (D:7)
  A howler monkey (D:7)
  5 crimson imps
  A centaur zombie (D:9)
  3 human zombies (Ossuary)
  Crazy Yiuf (D:7)
  A hound (D:8)
  3 bullfrog skeletons
  4 orc priests
  11 orc wizards
  8 iguanas
  12 worker ants
  A hound zombie (D:9)
  2 hound skeletons
  2 mummies (Ossuary)
  2 worker ant zombies
  8 gnolls
  3 river rats (D:10)
  9 adders
  3 shadow imps
  3 adder zombies
  3 oozes
  4 worms
  2 dart slugs (D:2)
  7 leopard geckos
  31 orcs
  27 bats
  12 giant cockroaches
  7 goblins
  11 hobgoblins
  17 jackals
  10 kobolds
  5 quokkas
  5 ball pythons
  A ball python skeleton (D:4)
  3 frilled lizards
  A goblin zombie (Ossuary)
  11 hobgoblin zombies (Ossuary)
  11 kobold zombies (Ossuary)
  8 orc zombies (Ossuary)
  A quokka skeleton (D:5)
  2 quokka zombies (D:5)
  7 rats
  2 butterflies (D:7)
  2 fungi
  2 plants (D:10)
356 creatures vanquished.

Vanquished Creatures (others)
  A centaur skeleton (D:9)
  A slime creature (D:9)
  2 yaks (D:9)
  A slave (D:9)
  2 orc wizards (D:9)
  A fungus (Lair:1)
  3 plants (Lair:1)
11 creatures vanquished.

Grand Total: 367 creatures vanquished

Notes
Turn   | Place    | Note
-------+----------+-------------------------------------------
     0 | Abyss:1  | Gargoyl the Ghoul Abyssal Knight began the quest for the Orb.
     0 | Abyss:1  | Reached XP level 1. HP: 19/19 MP: 1/1
     7 | Abyss:1  | Found a corrupted altar of Lugonu.
    27 | Abyss:1  | Found an opulent altar of Gozag.
    92 | Abyss:1  | Noticed a yaktaur
   122 | D:1      | Escaped the Abyss
   497 | D:1      | Reached XP level 2. HP: 25/26 MP: 2/2
   501 | D:1      | Reached * piety under Lugonu
   604 | D:1      | Reached XP level 3. HP: 26/33 MP: 3/3
   994 | D:2      | Reached XP level 4. HP: 34/40 MP: 4/4
  1259 | D:2      | Reached skill level 1 in Dodging
  1564 | D:3      | Reached ** piety under Lugonu
  1706 | D:3      | Found a glowing drain.
  1723 | Sewer    | Entered a sewer
  1743 | Sewer    | Reached XP level 5. HP: 28/45 MP: 6/6
  2512 | D:3      | Reached *** piety under Lugonu
  2681 | D:4      | Noticed an ogre
  2699 | D:4      | Killed an ogre
  2699 | D:4      | Reached XP level 6. HP: 32/53 MP: 7/7
  2862 | D:4      | Found a sand-covered staircase.
  2871 | Ossuary  | Entered an ossuary
  3307 | Ossuary  | Reached **** piety under Lugonu
  3322 | Ossuary  | Reached XP level 7. HP: 58/59 MP: 8/8
  4006 | D:5      | Entered Level 5 of the Dungeon
  4306 | D:5      | Reached skill level 5 in Axes
  4388 | D:5      | Reached XP level 8. HP: 41/67 MP: 10/10
  4393 | D:5      | Reached skill level 5 in Armour
  4822 | D:5      | Found a runed door.
  4825 | D:5      | Found a runed door.
  4829 | D:5      | Reached skill level 5 in Fighting
  4854 | D:5      | Reached skill level 5 in Invocations
  5076 | D:6      | Noticed Menkaure
  5076 | D:6      | Noticed Prince Ribbit
  5099 | D:5      | Killed Prince Ribbit
  5099 | D:5      | Reached XP level 9. HP: 33/74 MP: 10/12
  5299 | D:6      | Killed Menkaure
  5436 | D:6      | Reached skill level 1 in Maces & Flails
  6095 | D:6      | Noticed Eustachio
  6104 | D:6      | Killed Eustachio
  6363 | D:7      | Noticed Joseph
  6378 | D:7      | Reached ***** piety under Lugonu
  6390 | D:7      | Killed Joseph
  6590 | D:7      | Reached skill level 1 in Shields
  6605 | D:7      | Reached XP level 10. HP: 69/83 MP: 13/13
  6978 | D:7      | Found a runed door.
  6982 | D:7      | Noticed Crazy Yiuf
  6989 | D:7      | Killed Crazy Yiuf
  7190 | D:7      | Found a staircase to the Ecumenical Temple.
  7600 | D:8      | Noticed Erica
  7620 | D:8      | Killed Erica
  8389 | D:9      | Noticed Pikel
  8495 | D:9      | Reached XP level 11. HP: 82/92 MP: 15/15
  8773 | D:9      | Killed Pikel
  9075 | D:10     | Entered Level 10 of the Dungeon
  9308 | D:10     | Reached ****** piety under Lugonu
  9382 | D:10     | Found a staircase to the Lair.
  9404 | Lair:1   | Entered Level 1 of the Lair of Beasts
  9939 | Lair:2   | Killed from afar by a rime drake

Skill      XL: |  1  2  3  4  5  6  7  8  9 10 11 |
---------------+----------------------------------+-----
Axes           | 2 3 4 5 7 8 9 |  9.5
Armour         | 2 3 4 6 8 9 |  9.6
Fighting       | 4 5 6 7 |  7.6
Dodging        | 1 2 |  2.0
Invocations    | 3 4 5 6 7 8 |  8.5
Maces & Flails | 1 |  1.4
Shields        | 1 2 4 |  4.6
Evocations     | |  0.3

Action                   |  1- 3 |  4- 6 |  7- 9 | 10-12 || total
-------------------------+-------+-------+-------+-------++-------
Melee: Hand axe          |    59 |   316 |   380 |   636 ||  1391
       Whip              |       |       |    43 |     7 ||    50
Throw: Tomahawk          |       |       |       |     5 ||     5
Invok: Depart the Abyss  |     1 |       |       |       ||     1
       Bend Space        |       |       |       |     3 ||     3
Evoke: Wand              |       |       |     2 |     3 ||     5
  Use: Scroll            |     2 |     5 |     7 |     6 ||    20
       Potion            |       |     2 |     1 |    10 ||    13
  Eat: Chunk             |    10 |    28 |    54 |    85 ||   177
Armor: Chain mail        |    70 |   251 |   161 |       ||   482
       Plate armour      |       |       |   147 |   396 ||   543
Dodge: Dodged            |    39 |   157 |   162 |    60 ||   418
Block: Shield            |       |       |    34 |    65 ||    99
       Large shield      |       |       |       |   341 ||   341
